 Dungeon Crawl Stone Soup version 0.28-a0-631-g0446da8ef9 (webtiles) character file.

Game seed: 8611379881096540943

108 Demosthentine the Poker (level 4, -3/35 HPs)
             Began as a Merfolk Gladiator on Oct 10, 2021.
             Slain by an orc (9 damage)
             ... on level 3 of the Dungeon.
             The game lasted 00:01:24 (2357 turns).

Demosthentine the Poker (Merfolk Gladiator)         Turns: 2357, Time: 00:01:24

Health: -3/35      AC:  5    Str: 15    XL:     4   Next: 87%
Magic:  4/4        EV: 13    Int:  7    God:
Gold:   132        SH:  0    Dex: 15    Spells: 3/3 levels left

rFire   . . .      SeeInvis .   a - +0 trident
rCold   . . .      Faith    .   (no shield)
rNeg    . . .      Spirit   .   b - +0 leather armour
rPois   .          Reflect  .   c - +0 helmet
rElec   .          Harm     .   (no cloak)
rCorr   .          Rampage  .   g - +0 pair of gloves
Will    .....                   (no boots)
Stlth   +.........              (no amulet)
HPRegen 0.11/turn               (no ring)
MPRegen 0.09/turn               (no ring)

@: no status effects
A: (nimble swimmer 2), mertail
a: no special abilities


You were on level 3 of the Dungeon.
You visited 1 branch of the dungeon, and saw 3 of its levels.

You collected 132 gold pieces.

Inventory:

Hand Weapons
 a - a +0 trident (weapon)
Missiles
 d - 3 throwing nets (quivered)
Armour
 b - a +0 leather armour (worn)
 c - a +0 helmet (worn)
 g - a +0 pair of gloves (worn)
Jewellery
 h - a ring of wizardry
 j - an amulet of guardian spirit
Potions
 e - a potion of curing
 f - a potion of heal wounds {unknown}
 i - a potion of attraction


   Skills:
 + Level 3.3 Fighting
 + Level 5.4 Polearms
 - Level 2.0 Throwing
 + Level 1.3 Armour
 + Level 4.9 Dodging


You had 3 spell levels left.
You didn't know any spells.
Your spell library was empty.

Dungeon Overview and Level Annotations

Branches:
Dungeon (3/15)

Altars:

Shops:
D:2 (


Innate Abilities, Weirdness & Mutations

((You are quick and stealthy near water. (Stealth+, EV+, Speed+++)))
Your lower body shifts to a powerful aquatic tail in water.


Message History

The orc priest calls down the wrath of Beogh upon you.
You barely resist. The orc barely misses you. The endoplasm closely misses you.
The frilled lizard completely misses you.
The orc hits you with a +0 mace. The orc priest closely misses you.
You barely miss the orc priest.
The orc priest is severely wounded.
The orc hits you with a +0 war axe. The endoplasm freezes you.
You are frozen.
The frilled lizard misses you. The orc priest hits you with a +0 mace.
The orc misses you.
You closely miss the orc priest.
The orc priest is severely wounded.
The orc hits you with a +0 war axe.
An orc comes into view. It is wielding a +0 dagger.
The endoplasm misses you. The frilled lizard misses you.
The orc priest misses you. The orc closely misses you.
Unknown command.
The orc shouts!
You puncture the orc priest!
You kill the orc priest!
The orc hits you but does no damage. The endoplasm freezes you.
You are frozen.
* * * LOW HITPOINT WARNING * * *
The frilled lizard bites you.
* * * LOW HITPOINT WARNING * * *
The orc barely misses you.
Unknown command.
The orc hits you but does no damage.
Things that are here:
a +0 mace; an orc corpse Unknown command.
The endoplasm jiggles.
You feel better. The orc hits you with a +0 war axe.
* * * LOW HITPOINT WARNING * * *
You closely miss the orc. The orc hits you with a +0 war axe!
* * * LOW HITPOINT WARNING * * *
You closely miss the orc. The orc hits you but does no damage.
You feel better. The orc hits you with a +0 war axe!
You die...

... #. #.##.........###.#...
..##.###$##.................
.##.....................#####
..........(............. #.
.......#............### ##.
..................## ##..
.#.....)..##.#.#.# #..#
.......###o##.#.#.### ##.##
#...... #.lo@.#.#...# #.>#
..#...##...###..###.# #.##
#..... #.#.# .## #.## #.#
##..##...#.#.######..# ##.#
.....................###..#
### ###. ##..######...##.##
.. . ##..##.# ##..#.####
#....#...


You could see 2 orcs and a frilled lizard.

Vanquished Creatures
  An orc priest (D:3)
  2 adders (D:2)
  A worm (D:2)
  2 dart slugs (D:1)
  4 ball pythons
  8 bats
  4 endoplasms
  3 giant cockroaches
  7 goblins (D:1)
  4 hobgoblins
  4 jackals (D:2)
  A quokka (D:1)
  2 frilled lizards
  2 kobolds
  2 rats
47 creatures vanquished.

Notes
Turn   | Place    | Note
-------+----------+-------------------------------------------
     0 | D:1      | Demosthentine the Merfolk Gladiator began the quest for the
                  | Orb.
     0 | D:1      | Reached XP level 1. HP: 16/16 MP: 1/1
   108 | D:1      | Reached XP level 2. HP: 23/23 MP: 2/2
   477 | D:1      | Reached XP level 3. HP: 22/28 MP: 3/3
   853 | D:1      | Reached skill level 5 in Polearms
  1326 | D:2      | Reached skill level 1 in Armour
  1372 | D:2      | Reached XP level 4. HP: 20/35 MP: 4/4
  1569 | D:2      | Found Rolaocia's Antique Weapon Emporium.
  2355 | D:3      | HP: 1/35 [orc (10)]
  2357 | D:3      | Slain by an orc

Illustrated notes

Levels and vault maps discovered:
D:1:      dpeg_arrival_round_b, layout_basic, kennysheep_flooded_box,
          minmay_misc_feat_pillars
D:2:      layout_basic, serial_shops, shop_fountains
D:3:      layout_rooms, uniq_crazy_yiuf_cottage

Skill      XL: |  1  2  3 |
---------------+----------+-----
Polearms       | 5 |  5.4
Armour         | 1 |  1.3
Fighting       | 3 |  3.3
Throwing       | |  2.0
Dodging        | |  4.9

Action                   |  1- 3 |  4- 6 || total
-------------------------+-------+-------++-------
Melee: Trident           |   107 |    63 ||   170
  Use: Scroll            |     2 |     2 ||     4
       Potion            |       |     2 ||     2
Armor: Leather armour    |    24 |    30 ||    54
Dodge: Dodged            |    67 |    75 ||   142

Table legend: (Time is in decaauts)
 A = Elapsed time spent in this place.
 B = Non-inter-level travel time spent in this place.
 C = Inter-level travel time spent in this place.
 D = Time resting spent in this place.
 E = Time spent auto-exploring this place.
 F = Levels seen in this place.
 G = Mean time per level.
                   A        B        C        D        E       F      G
               +--------+--------+--------+--------+--------+-----+--------+
         Total |   2366 |   2335 |     31 |     24 |   1942 |   3 |  788.7 |
       Dungeon |   2366 |   2335 |     31 |     24 |   1942 |   3 |  788.7 |
               +--------+--------+--------+--------+--------+-----+--------+

Top non-repeatable levels by time:
     D:1: 1241 daAuts
     D:2: 978 daAuts
     D:3: 146 daAuts
